 Dungeon Crawl Stone Soup version 0.20.0-15-g7f486f2 (webtiles) character file.

244 Gargoyl the Skirmisher (level 5, -11/48 HPs)
             Began as a Minotaur Abyssal Knight on July 1, 2017.
             Was a Believer of Lugonu.
             Killed by divine providence
             ... invoked by an orc priest
              (14 damage)
             ... on level 3 of the Dungeon.
             The game lasted 00:04:28 (2646 turns).

Gargoyl the Skirmisher (Minotaur Abyssal Knight)    Turns: 2646, Time: 00:04:29

Health: -11/48     AC:  7    Str: 17    XL:     5   Next: 83%
Magic:  14/15      EV:  9    Int:  9    God:    Lugonu [**....]
Gold:   158        SH:  3    Dex: 10    Spells: 4/4 levels left

rFire    . . .     SeeInvis .   a - +1 hand axe
rCold    . . .     Gourm    .   l - +0 buckler
rNeg     . . .     Faith    .   p - +0 scale mail
rPois    +         Spirit   .   (helmet restricted)
rElec    .         Reflect  .   (no cloak)
rCorr    .         Harm     .   (no gloves)
MR       .....                  (no boots)
Stlth    ..........             (no amulet)
Regen    0.2/turn               f - ring of magical power
MPRegen  0.2/turn               h - ring of poison resistance

@: no status effects
A: retaliatory headbutt, horns 2
a: Depart the Abyss, Bend Space, Renounce Religion


You were on level 3 of the Dungeon.
You worshipped Lugonu.
Lugonu was pleased with you.
You were hungry.

You visited 1 branch of the dungeon, and saw 4 of its levels.
You visited the Abyss 1 time.

You collected 158 gold pieces.

Inventory:

Hand Weapons
 a - a +1 hand axe (weapon)
Missiles
 s - 9 tomahawks (quivered)
Armour
 l - a +0 buckler (worn)
 p - a +0 scale mail (worn)
Jewellery
 f - a ring of magical power (left hand)
 h - a ring of poison resistance (right hand)
Scrolls
 d - 2 scrolls of identify
 g - 2 scrolls of teleportation
 m - a scroll of magic mapping {unknown}
 n - 2 scrolls of remove curse
 o - 2 scrolls of enchant weapon {unknown}
Potions
 b - a potion of resistance {unknown}
 e - 3 potions of agility
 i - a potion of ambrosia {unknown}
 j - a potion of heal wounds {unknown}
 k - 2 potions of might {unknown}
Comestibles
 c - 4 bread rations
 r - a fruit


   Skills:
 + Level 5.5 Fighting
 + Level 3.6 Axes
 * Level 4.4 Armour
 + Level 1.9 Dodging
 + Level 0.2 Shields
 * Level 2.7 Invocations


You had 4 spell levels left.
You didn't know any spells.

Dungeon Overview and Level Annotations

Branches:
Dungeon (4/15)
 Temple: D:4-7

Altars:
Ashenzari
Cheibriados
Uskayaw
Vehumet
The Shining One


Innate Abilities, Weirdness & Mutations

You reflexively headbutt those who attack you in melee.
You have a pair of horns on your head.


Message History

You kill the orc!
Lugonu accepts your kill.
You closely miss the orc priest.
The orc priest mumbles some strange prayers to Beogh against you.
Beogh smites you!
The orc priest miscasts a cantrip.
You slash the orc priest! You headbutt the orc priest.
The orc priest is almost dead.
The orc priest hits you but does no damage.
The orc priest calls down the wrath of Beogh upon you.
Beogh smites you!
* * * LOW HITPOINT WARNING * * *
The orc priest hits you but does no damage.
You hit the orc priest.
You kill the orc priest!
Lugonu accepts your kill.
You hit the hobgoblin but do no damage.
The orc priest mumbles some strange prayers to Beogh against you.
Beogh smites you!
You die...

.. .. .# .
.###.# .#
.. .....#.#
... ......#
#...#l....#
......o...#
......g#).#
#.s)@..#
....%###.##
.#. #.#
...#####>#
.........#
..########


You could see an orc priest, a giant cockroach, a hobgoblin and a frilled
lizard.

Vanquished Creatures
  2 orc priests (D:3)
  An iron imp (Abyss:1)
  A worker ant (D:4)
  Robin (D:2)
  3 adders (D:2)
  A worm (D:2)
  A dart slug (D:1)
  7 orcs (D:3)
  3 bats
  2 giant cockroaches
  18 goblins
  13 hobgoblins
  8 jackals (D:2)
  5 kobolds
  3 frilled lizards (D:1)
  11 rats
80 creatures vanquished.

Notes
Turn   | Place    | Note
-------+----------+-------------------------------------------
     0 | Abyss:1  | Gargoyl the Minotaur Abyssal Knight began the quest for the Orb.
     0 | Abyss:1  | Reached XP level 1. HP: 19/19 MP: 1/1
   104 | Abyss:1  | Noticed an iron imp
   109 | Abyss:1  | Noticed a ynoxinul
   109 | Abyss:1  | Killed an iron imp
   109 | Abyss:1  | Reached skill level 4 in Fighting
   109 | Abyss:1  | Reached XP level 2. HP: 14/28 MP: 2/2
   112 | Abyss:1  | Noticed a neqoxec
   129 | D:1      | Escaped the Abyss
   312 | D:1      | Reached XP level 3. HP: 32/34 MP: 3/3
   703 | D:1      | Reached * piety under Lugonu
  1081 | D:2      | Reached skill level 5 in Fighting
  1112 | D:2      | Reached XP level 4. HP: 39/42 MP: 4/4
  1115 | D:2      | Noticed Robin
  1123 | D:2      | Killed Robin
  1415 | D:2      | Reached ** piety under Lugonu
  1732 | D:2      | Found a snail-covered altar of Cheibriados.
  1997 | D:2      | Reached XP level 5. HP: 41/48 MP: 5/5
  2075 | D:3      | Found a radiant altar of Vehumet.
  2076 | D:3      | Found a hide-covered altar of Uskayaw.
  2076 | D:3      | Found a shattered altar of Ashenzari.
  2077 | D:3      | Found a glowing golden altar of the Shining One.
  2646 | D:3      | Killed from afar by an orc priest

Skill      XL: |  1  2  3  4  5 |
---------------+----------------+-----
Fighting       | 4 5 |  5.5
Invocations    | 2 |  2.7
Armour         | 3 4 |  4.4
Axes           | 3 |  3.6
Dodging        | |  1.9
Shields        | |  0.2

Action                   |  1- 3 |  4- 6 || total
-------------------------+-------+-------++-------
Melee: Hand axe          |    56 |    96 ||   152
       Headbutt          |     5 |    15 ||    20
Invok: Depart the Abyss  |     1 |       ||     1
  Use: Scroll            |     6 |       ||     6
  Eat: Chunk             |       |     5 ||     5
Armor: Leather armour    |     5 |       ||     5
       Ring mail         |    19 |    23 ||    42
       Scale mail        |       |    24 ||    24
Dodge: Dodged            |    36 |    63 ||    99
Block: Buckler           |       |    15 ||    15
